 Dungeon Crawl Stone Soup version 0.31-a0-358-gac0dbeb3ab (webtiles) character file.

Game seed: 3596999131846483810

289 Edyrem the Shooter (level 6, -4/38 HPs)
             Began as a Gargoyle Hunter on July 25, 2023.
             Slain by an ogre
             ... wielding a +0 giant club
              (16 damage)
             ... on level 4 of the Dungeon.
             The game lasted 00:07:32 (2988 turns).

Edyrem the Shooter (Gargoyle Hunter)                Turns: 2988, Time: 00:07:33

Health: -4/38      AC: 11    Str: 14 (15) XL:     6   Next: 31%
Magic:  6/6        EV: 11    Int:  8 (9)  God:
Gold:   197        SH:  0    Dex: 13 (15) Spells: 5/5 levels left

rFire   . . .        a - +0 shortbow
rCold   . . .        (shield currently unavailable)
rNeg    + . .        c - +0 leather armour
rPois   ∞            t - +1 helmet
rElec   +            o - +0 cloak
rCorr   .            (no gloves)
SInv    .            (no boots)
Will    .....        (no amulet)
Stlth   +            (no ring)
HPRegen 0.26/turn    (no ring)
MPRegen 0.10/turn

%: no passive effects
@: no status effects
A: sickness immunity, AC +4, negative energy resistance 1, electricity
resistance, torment resistance 1, petrification resistance
a: no special abilities


You were on level 4 of the Dungeon.
You visited 1 branch of the dungeon, and saw 4 of its levels.

You collected 197 gold pieces.

Inventory:

Hand Weapons
 a - a +0 shortbow (weapon)
 b - a +3 long sword of protection
 s - a +0 dagger of speed
Armour
 c - a +0 leather armour (worn)
 o - a +0 cloak (worn)
 t - a +1 helmet (worn)
Wands
 v - a wand of quicksilver (5)
 w - a wand of flame (8)
Scrolls
 d - 2 scrolls of vulnerability {unknown}
 f - a scroll of butterflies
 g - 3 scrolls of teleportation {unknown}
 j - a scroll of enchant armour {unknown}
 l - 3 scrolls of identify {unknown}
 m - a scroll of revelation {unknown}
 n - a scroll of noise {unknown}
 u - a scroll of blinking {unknown}
Potions
 e - a potion of might {unknown}
 h - 2 potions of mutation {unknown}
 i - a potion of haste
 k - a potion of lignification {unknown}
 p - 2 potions of curing {@q2}
 q - 2 potions of degeneration {!q}
 r - 2 potions of magic {unknown}


   Skills:
 + Level 4.0 Fighting
 * Level 5.9 Ranged Weapons
 + Level 3.0 Armour
 - Level 1.5 Dodging
 - Level 1.1 Stealth


You had 5 spell levels left.
You didn't know any spells.
Your spell library contained the following spells:

 Spells                   Type           Power      Damage    Failure   Level
 Sting                    Tmut/Pois      0%         1d3       47%         1
 Poisonous Vapours        Pois/Air       0%         N/A       63%         2
 Wereblood                Tmut           0%         N/A       63%         2
 Olgreb's Toxic Radiance  Pois           0%         N/A       99%         4
 Summon Hydra             Summ           0%         N/A       100%        7
 Sublimation of Blood     Necr           Unusable   N/A       N/A         2

Dungeon Overview and Level Annotations

Branches:
Dungeon (4/15)
 Temple: D:4-7

Altars:
Cheibriados
Fedhas
Kikubaaqudgha
Nemelex Xobeh
Okawaru
Qazlal
Uskayaw
Zin

Shops:
D:3 *


Innate Abilities, Weirdness & Mutations

You are immune to sickness and miasma.
Your stone body is resilient. (AC +4)
You are immune to poison.
You resist negative energy. (rN+)
You are resistant to electric shocks. (rElec)
You are resistant to unholy torment.
You are immune to petrification.


Message History

You open the door.
Found a falchion.
There is an open door here.
You now have enough gold to buy a runed scarf on D:3.
You can access your shopping list by pressing '$'.
You now have 197 gold pieces (gained 15).
Unknown command.
You open the door.
An ogre comes into view. It is wielding a +0 giant club.
There is an open door here.
You shoot an arrow. The arrow hits the ogre.
The ogre shouts!
The ogre is lightly wounded.
You shoot an arrow. The arrow hits the ogre.
The ogre is lightly wounded.
You shoot an arrow.
The arrow hits the ogre but does no damage.
The ogre is lightly wounded.
The ogre hits you with a +0 giant club!!
Ouch! That really hurt!
* * * LOW HITPOINT WARNING * * *
You shoot an arrow. The arrow barely misses the ogre.
You shoot an arrow. The arrow hits the ogre.
The ogre is moderately wounded.
The ogre closely misses you.
You shoot an arrow.
The arrow hits the ogre but does no damage.
The ogre is moderately wounded.
The ogre barely misses you.
You shoot an arrow. The arrow hits the ogre.
The ogre is moderately wounded.
The ogre misses you.
You shoot an arrow. The arrow barely misses the ogre.
You shoot an arrow. The arrow hits the ogre!
The ogre is severely wounded.
The ogre closely misses you.
You shoot an arrow. The arrow hits the ogre.
The ogre is almost dead.
The ogre hits you with a +0 giant club!
You die...

####### #####
###########......# #....
#.........#......# #....
#.........#......# #....
#.........#O.....# +....
##..##....@......# #....
#####....#......# #....
#.....#......######....
#.....####+#.........#'
##........ #.........#.
##.......) #.........#.
#......... #.........#.
###'###.... #........(#.
#≈≈~≈≈###..##.........##


You could see an ogre.

Vanquished Creatures
  A phantom (D:2)
  Crazy Yiuf (D:3)
  An orc priest (D:4)
  Robin (D:3)
  3 adders
  A white imp (D:4)
  A worm (D:3)
  2 dart slugs (D:4)
  11 orcs
  5 bats
  8 endoplasms
  A giant cockroach (D:1)
  14 goblins
  9 hobgoblins
  9 quokkas
  6 ball pythons
  2 frilled lizards
  11 kobolds
  6 rats
93 creatures vanquished.

Notes
Turn   | Place    | Note
-------+----------+-------------------------------------------
     0 | D:1      | Edyrem the Gargoyle Hunter began the quest for the Orb.
     0 | D:1      | Reached XP level 1. HP: 12/12 MP: 1/1
   129 | D:1      | Reached XP level 2. HP: 18/18 MP: 2/2
   220 | D:1      | Reached skill level 1 in Armour
   556 | D:1      | Reached XP level 3. HP: 22/22 MP: 3/3
   953 | D:2      | Found an iron altar of Okawaru.
   984 | D:2      | Reached XP level 4. HP: 27/27 MP: 4/4
  1031 | D:2      | Noticed a phantom
  1042 | D:2      | Killed a phantom
  1043 | D:2      | Reached skill level 5 in Ranged Weapons
  1043 | D:2      | Reached XP level 5. HP: 31/32 MP: 5/5
  1431 | D:3      | Found Cyilethre's Assorted Antiques.
  1601 | D:3      | Found a runed translucent door.
  1602 | D:3      | Noticed Crazy Yiuf
  1686 | D:3      | Noticed Robin
  1730 | D:3      | Killed Robin
  2275 | D:3      | Killed Crazy Yiuf
  2276 | D:3      | Reached XP level 6. HP: 32/38 MP: 6/6
  2330 | D:4      | Found a stormy altar of Qazlal.
  2330 | D:4      | Found a snail-covered altar of Cheibriados.
  2330 | D:4      | Found a glowing silver altar of Zin.
  2330 | D:4      | Found a blossoming altar of Fedhas.
  2330 | D:4      | Found a sparkling altar of Nemelex Xobeh.
  2330 | D:4      | Found an ancient bone altar of Kikubaaqudgha.
  2333 | D:4      | Found a hide-covered altar of Uskayaw.
  2988 | D:4      | Slain by an ogre

Illustrated notes

Levels and vault maps discovered:
D:1:      scummos_arrival_gate, layout_basic, dreamdust_mushroom_princess,
          st_stairs_7, nicolae_the_louvre
D:2:      layout_rooms, basic_altar, minmay_misc_feat_x,
          kennysheep_generic_room_4
D:3:      layout_basic, serial_glass, glass_columns_b, glass_columns_b,
          serial_shops, shop, st_stairs_4, hangedman_decor_diamond_cutter,
          dk_noncrumbling_2, uniq_crazy_yiuf_cottage, uniq_robin
D:4:      layout_gridville, grunt_temple_overflow_open, serial_rivers,
          chequers_serial_rivers_small_a, chequers_serial_rivers_micro_b,
          chequers_serial_rivers_room_b, chequers_serial_rivers_micro_c,
          chequers_serial_rivers_micro_b, chequers_serial_rivers_micro_b

Skill      XL: |  1  2  3  4  5  6 |
---------------+-------------------+-----
Armour         | 1 2 3 |  3.0
Fighting       | 3 4 |  4.0
Ranged Weapons | 5 |  5.9
Dodging        | |  1.5
Stealth        | |  1.1

Action                     |  1- 3 |  4- 6 || total
---------------------------+-------+-------++-------
  Melee: Dagger            |     9 |       ||     9
         Long sword        |       |     4 ||     4
   Fire: Shortbow          |   127 |   193 ||   320
    Use: Potion            |       |     3 ||     3
 Armour: Leather armour    |    17 |    71 ||    88
  Dodge: Dodged            |    31 |   108 ||   139

Table legend: (Time is in decaauts)
 A = Elapsed time spent in this place.
 B = Non-inter-level travel time spent in this place.
 C = Inter-level travel time spent in this place.
 D = Time resting spent in this place.
 E = Time spent auto-exploring this place.
 F = Levels seen in this place.
 G = Mean time per level.
                   A        B        C        D        E       F      G
               +--------+--------+--------+--------+--------+-----+--------+
         Total |   3027 |   2899 |    128 |    242 |   2020 |   4 |  756.8 |
       Dungeon |   3027 |   2899 |    128 |    242 |   2020 |   4 |  756.8 |
               +--------+--------+--------+--------+--------+-----+--------+

Top non-repeatable levels by time:
     D:3: 1048 daAuts
     D:1: 817 daAuts
     D:4: 651 daAuts
     D:2: 510 daAuts
